 Dungeon Crawl Stone Soup version 0.27-a0-1256-gced786f65e (webtiles) character file.

Game seed: 15284558766745576606

153729 freelancePsychic the Hand of Fortune (level 17, -1/199 HPs)
             Began as a Demonspawn Wanderer on June 10, 2021.
             Was the Champion of Nemelex Xobeh.
             Succumbed to an emperor scorpion's poison
             ... on level 1 of the Spider Nest on June 11, 2021.
             The game lasted 01:49:55 (47053 turns).

freelancePsychic the Hand of Fortune (DsWn)        Turns: 47053, Time: 01:49:56

Health: -1/199     AC: 32    Str: 19      XL:     17   Next: 5%
Magic:  28/28      EV:  2    Int: 12 (14) God:    Nemelex Xobeh [******]
Gold:   1198       SH:  0    Dex: 13      Spells: 16/22 levels left

rFire    . . .     SeeInvis .     - Unarmed
rCold    . . .     Faith    +   K - +4 tower shield
rNeg     + + +     Spirit   .   (armour currently unavailable)
rPois    +         Reflect  .   (helmet unavailable)
rElec    .         Harm     .   (cloak currently unavailable)
rCorr    .         Rampage  .   (gloves unavailable)
Will     +....     NoTele   +   (boots unavailable)
Stlth    +.........             L - amulet of faith
HPRegen  0.43/turn              l - ring of poison resistance
MPRegen  0.42/turn              u - +4 ring of protection

@: confused, lethally poisoned (-1 -> -24), tree-form, on berserk cooldown, very
slightly contaminated, slowed, invisible, very slow
A: stationary, stasis, torment immunity, boosted hp, (antennae 3), (claws 3),
(talons 3), ignite blood 2, magic regeneration, bedeviling
a: Renounce Religion, Draw Escape, Draw Destruction, Draw Summoning, Draw Stack,
Triple Draw, Deal Four, Stack Five


You were on level 1 of the Spider Nest.
You worshipped Nemelex Xobeh.
Nemelex Xobeh was exalted by your worship.
You were a tree.
You visited 4 branches of the dungeon, and saw 25 of its levels.
You also visited: Ossuary, Bailey, Ice Cave and Volcano.

You collected 3078 gold pieces.
You spent 1880 gold pieces at shops.

Inventory:

Hand Weapons
 a - a +0 club
Missiles
 g - 112 bolts
 i - a throwing net
 A - 4 curare-tipped darts
Armour
 f - a +1 kite shield of reflection
 G - a +2 scale mail of fire resistance (melded)
 K - a +4 tower shield (worn)
 V - a +0 cloak (melded)
Jewellery
 b - a ring of willpower
 l - a ring of poison resistance (left branch)
 p - a ring of resist corrosion
 u - a +4 ring of protection (right branch)
 y - a ring of protection from cold
 C - a ring of protection from fire
 L - an amulet of faith (around neck)
 O - a ring of protection from cold
 P - the ring of Widutih {MP+9 Str+2}
   (You took it off an orc on level 11 of the Dungeon)

   [ring of magical power]

   It affects your strength (+2).
   It affects your magic capacity (+9).
 Q - a ring of ice
 R - an amulet of reflection
 T - a ring of flight
 U - a ring of wizardry
 W - a ring of willpower
Wands
 e - a wand of digging (7)
 J - a wand of acid (16)
 M - a wand of flame (11)
Scrolls
 c - a scroll of identify {@r1}
 d - 2 scrolls of blinking
 n - 2 scrolls of vulnerability
 q - 3 scrolls of teleportation {@r4}
 x - 4 scrolls of immolation
 z - 3 scrolls of enchant weapon
 H - 2 scrolls of silence
 I - 3 scrolls of summoning
 S - a scroll of magic mapping
 X - 2 scrolls of amnesia
Potions
 h - 3 potions of berserk rage
 j - 4 potions of degeneration
 k - 4 potions of mutation
 m - 3 potions of brilliance
 o - 5 potions of resistance
 r - a potion of cancellation
 s - 5 potions of lignification
 t - 13 potions of ambrosia
 v - 4 potions of haste {@q3}
 B - 2 potions of might
 D - 4 potions of attraction
 E - 3 potions of magic
 F - 8 potions of flight
Miscellaneous
 N - a box of beasts


   Skills:
 - Level 12.2 Fighting
 - Level 1.0 Axes
 - Level 1.0 Throwing
 - Level 5.8 Armour
 - Level 11.2 Dodging
 - Level 1.1 Stealth
 - Level 13.7 Shields
 - Level 11.8 Unarmed Combat
 - Level 3.3 Spellcasting
 + Level 7.0 Transmutations
 + Level 7.0 Earth Magic
 - Level 15.3 Invocations


You had 16 spell levels left.
You knew the following spells:

 Your Spells              Type           Power      Damage    Failure   Level
a - Statue Form           Tmut/Erth      12%        N/A       100%        6

Your spell library contained the following spells:

 Spells                   Type           Power      Damage    Failure   Level
 Animate Skeleton         Necr           2%         N/A       71%         1
 Apportation              Tloc           2%         N/A       71%         1
 Corona                   Hex            2%         N/A       71%         1
 Foxfire                  Conj/Fire      4%         2x1d4     71%         1
 Freeze                   Ice            4%         1d3       71%         1
 Magic Dart               Conj           4%         1d3       71%         1
 Summon Small Mammal      Summ           4%         N/A       71%         1
 Blink                    Tloc           N/A        N/A       83%         2
 Call Imp                 Summ           1%         N/A       83%         2
 Ensorcelled Hibernation  Hex/Ice        4%         N/A       83%         2
 Searing Ray              Conj           2%         3d3       83%         2
 Slow                     Hex            2%         N/A       83%         2
 Leda's Liquefaction      Hex/Erth       7%         N/A       93%         4
 Confusing Touch          Hex            2%         N/A       97%         3
 Conjure Flame            Conj/Fire      1%         6-21      97%         3
 Dazzling Flash           Conj/Hex       4%         N/A       97%         3
 Frozen Ramparts          Ice            2%         1d2       97%         3
 Gell's Gravitas          Tloc           0%         N/A       97%         3
 Inner Flame              Hex/Fire       2%         N/A       97%         3
 Lesser Beckoning         Tloc           0%         N/A       97%         3
 Mephitic Cloud           Conj/Pois/Air  1%         N/A       97%         3
 Ozocubu's Armour         Ice            1%         N/A       97%         3
 Portal Projectile        Hex/Tloc       4%         N/A       97%         3
 Teleport Other           Tloc           1%         N/A       97%         3
 Tukima's Dance           Hex            2%         N/A       97%         3
 Cause Fear               Hex            1%         N/A       100%        4
 Fulminant Prism          Conj/Hex       1%         3d6       100%        4
 Hailstorm                Conj/Ice       1%         3d3       100%        4
 Iskenderun's Mystic Bla  Conj/Tloc      1%         2d3       100%        4
 Sticky Flame             Conj/Fire      1%         2d3       100%        4
 Fireball                 Conj/Fire      0%         3d3       100%        5
 Irradiate                Conj/Tmut      5%         3d15      100%        5
 Manifold Assault         Tloc           1%         N/A       100%        5
 Metabolic Englaciation   Hex/Ice        1%         N/A       100%        5
 Blade Hands              Tmut           9%         N/A       100%        6
 Dragon Form              Tmut           9%         N/A       100%        7
 Storm Form               Tmut/Air       5%         N/A       100%        7


Dungeon Overview and Level Annotations

Branches:
Dungeon (15/15)            Temple (0/1) D:5            Lair (6/6) D:10
 Shoals (0/4) Lair:3       Spider (2/4) Lair:3        Slime (0/5) Lair:6
    Orc (2/2) D:11            Elf (0/3) Orc:2        Vaults (0/5) D:14
 Depths (0/5) D:15        Ossuary (visited)          Bailey (visited)
  IceCv (visited)         Volcano (visited)

Altars:
Ashenzari
Makhleb
Nemelex Xobeh
Wu Jian
Beogh

Shops:
D:10 (   D:11 !   Orc:2 =*[(**

Portals:
Abyss: D:10

Annotations:
D:7 1 runed translucent door, deletemesenpai's ghost, novice HOFi
D:10 1 transporter, freelancePsychic's ghost, journeyman DjWr
D:11 2 runed translucent doors, robertstho's ghost, journeyman DjFE
D:15 2 runed translucent doors
Lair:6 2 transporters, robertstho's ghost, journeyman DjFE


Innate Abilities, Weirdness & Mutations

You are a tree.
Your roots penetrate the ground, keeping you stationary.
You cannot be teleported.
You are immune to unholy pain and torment.
Your maximum health is greatly increased.
Your equipment is partially melded.
((You have a pair of large antennae on your head. (SInv)))
((You have claws for hands.))
((You have claws for feet.))
Your demonic aura often causes spilled blood to erupt in flames.
You regenerate magic rapidly.
Your maledictions are enhanced.


Message History

The emperor scorpion claws you but does no damage.
Your killer bee completely misses the emperor scorpion.
Your killer bee stings the emperor scorpion but does no damage.
A red film seems to cover your vision as you go berserk!
You feel yourself moving faster!
You feel mighty!
You are no longer corroded.
* * * LOW HITPOINT WARNING * * *
You feel extremely sick.
Your killer bee barely misses the emperor scorpion.
Your killer bee stings the emperor scorpion!
The emperor scorpion barely misses your killer bee.
The emperor scorpion closely misses your killer bee.
The emperor scorpion claws your killer bee!
Your killer bee closely misses the emperor scorpion.
Your killer bee stings the emperor scorpion but does no damage.
You feel a strong urge to attack something.
* * * LOW HITPOINT WARNING * * *
You feel very sick.
The emperor scorpion stings your killer bee!!
Your killer bee dies!
Your killer bee's corpse disappears in a puff of smoke!
Your killer bee closely misses the emperor scorpion.
Your killer bee completely misses the emperor scorpion.
* * * LOW HITPOINT WARNING * * *
You feel very sick.
Your killer bee stings the emperor scorpion. x2
Your killer bee closely misses the emperor scorpion.
The emperor scorpion stings your killer bee!!
Your killer bee dies!
Your killer bee's corpse disappears in a puff of smoke!
You feel your anger nearly subside.
* * * LOW HITPOINT WARNING * * *
You feel very sick.
Your killer bee misses the emperor scorpion.
Your killer bee stings the emperor scorpion but does no damage.
You are no longer berserk.
You are exhausted.
You feel yourself slow down.
You die...
Your body disappears without a glow.

########....#### #######
##...## ###...# ##.....#
###...#.## ##.#..####
#..#.....####
#..##.§ys##[###
##...#.#§y♣#...#######
#...####.†.†..###.)#.##
##..# #..#.....#......# ####
#..## ####..#.....#^.##
##..###.†######...#....>####
≈.(##.##..>...##..###..##
##.............#####†^.#
.##..#...#.#.........###
^.#..#^########......#


You could see an emperor scorpion (very poisoned, ally target) and 2 friendly
killer bees.

Vanquished Creatures
  Rupert (Orc:2)
  Donald (Orc:2)
  The ghost of rjrrt the Executioner, a journeyman MiBe of Trog (Orc:2)
  An ironbound preserver (D:14)
  An entropy weaver (Volcano)
  A white draconian (IceCv)
  Fannar (Orc:1)
  5 boulder beetles
  Erolcha (D:13)
  Harold (D:9)
  7 catoblepae
  An ogre mage (Volcano)
  4 centaur warriors
  6 hydras
  10 death yaks
  9 two-headed ogres
  3 death knights
  A tengu warrior (D:15)
  3 orc high priests
  A storm dragon zombie (D:15)
  A deep troll (Volcano)
  A flayed ghost (D:14)
  5 skeletal warriors
  A glowing orange brain (D:14)
  2 wizards
  A golden dragon skeleton (D:15)
  A phantasmal warrior (D:15)
  An orange crystal statue (D:15)
  A necromancer (D:14)
  3 orc knights (Orc:2)
  4 orb spiders (Spider:1)
  3 deep elf pyromancers
  16 ugly things
  7 wolf spiders (Spider:1)
  4 oklob plants (Lair:3)
  2 orc sorcerers
  A stone giant zombie (D:15)
  7 cyclopes
  A tengu skeleton (D:15)
  5 manticores
  A salamander (shapeshifter) (D:13)
  A moth of wrath (D:10)
  A merfolk siren (Lair:3)
  7 black mambas
  20 elephants
  An ice statue (IceCv)
  A toenail golem (D:10)
  A guardian serpent (Lair:6)
  A gargoyle (D:10)
  11 cane toads
  6 rime drakes
  2 unseen horrors (D:13)
  4 efreet
  2 ice devils (D:13)
  2 freezing wraiths (D:14)
  2 tengu conjurers
  14 komodo dragons
  Psyche (D:8)
  An ancient zyme (D:10)
  A merfolk (Volcano)
  2 meliai
  3 jumping spiders
  5 trolls
  17 polar bears
  A queen bee (Lair:1)
  8 slime creatures
  3 hornets
  12 blink frogs
  5 tarantellas (Spider:1)
  A redback (shapeshifter) (D:10)
  A spriggan (Lair:1)
  12 redbacks
  83 yaks
  8 fire bats (Volcano)
  6 wraiths
  Grum (Lair:1)
  Eustachio (D:6)
  A basilisk (shapeshifter) (D:9)
  3 basilisks
  3 wyverns
  4 vampire mosquitoes (D:14)
  3 golden eyes
  Edmund (D:6)
  A swamp worm (shapeshifter) (Volcano)
  2 wargs (Orc:1)
  A swamp worm (Orc:2)
  An acid dragon (Lair:1)
  A harpy simulacrum (D:15)
  2 hell hounds (Lair:3)
  14 water moccasins
  4 sky beasts
  A hornet zombie (D:8)
  2 ice beasts
  24 orc warriors
  A tengu (D:10)
  9 ogres
  2 black bears
  A wolf (shapeshifter) (D:10)
  16 centaurs
  32 wolves
  2 phantoms (D:4)
  2 kobold brigands
  A gnoll sergeant (D:6)
  18 bullfrogs
  A wyvern zombie (D:7)
  7 scorpions
  A water moccasin zombie (D:5)
  A hornet simulacrum (D:14)
  A small abomination (D:10)
  11 killer bees
  10 electric eels
  8 howler monkeys
  6 lava snakes (Volcano)
  3 centaur zombies
  A bullfrog zombie (D:6)
  7 hounds
  8 jellies
  14 orc priests
  2 iguanas
  A scorpion zombie (Ossuary)
  Natasha (D:1)
  6 hell rats (Lair:6)
  30 orc wizards
  A killer bee zombie (D:7)
  A hound zombie (D:5)
  3 mummies
  A howler monkey skeleton (D:5)
  2 howler monkey zombies (D:6)
  13 gnolls
  5 adders
  A shadow imp (D:6)
  2 adder skeletons
  5 worms
  2 dart slugs
  85 orcs
  9 bats
  7 endoplasms
  6 giant cockroaches
  3 gnoll zombies (Ossuary)
  11 goblins
  12 hobgoblins
  19 jackals
  3 quokkas
  5 ball pythons
  2 frilled lizards
  2 goblin zombies
  2 hobgoblin zombies (Ossuary)
  13 kobolds
  3 kobold zombies (Ossuary)
  An orc zombie (D:6)
  7 rats
872 creatures vanquished.

Vanquished Creatures (collateral kills)
  Frances (D:13)
  An orc warlord (Orc:2)
  Josephine (Orc:1)
  A hydra (Lair:6)
  2 death yaks
  2 orc high priests (Orc:2)
  An orc knight (Bailey)
  2 ugly things (D:14)
  A queen bee (Lair:2)
  A troll (Orc:1)
  4 wraiths (Orc:1)
  A yak (Lair:6)
  2 redbacks (Spider:1)
  A tarantella (Spider:1)
  A wyvern (Ossuary)
  An ice beast (D:5)
  5 orc warriors
  4 scorpions (Ossuary)
  17 killer bees (Lair:2)
  An orc priest (Orc:2)
  A bullfrog skeleton (D:5)
  2 human zombies (Ossuary)
  An iguana (D:5)
  3 orc wizards (Orc:2)
  A scorpion zombie (Ossuary)
  A mummy (Ossuary)
  A gnoll (Ossuary)
  A shadow imp (D:8)
  5 orcs
  3 hobgoblins (Bailey)
  A hobgoblin zombie (Ossuary)
  2 orc zombies (Ossuary)
72 creatures vanquished.

Vanquished Creatures (others)
  A meliai (Lair:1)
  A polar bear (IceCv)
  3 yaks
  2 wolves (IceCv)
  A killer bee (Ossuary)
  A centaur zombie (Ossuary)
  3 hell rats (Lair:6)
  An orc (Orc:2)
  2 bushes (Lair:2)
  33 fungi
  95 plants
  4 withered plants (D:15)
147 creatures vanquished.

Grand Total: 1091 creatures vanquished

Notes
Turn   | Place    | Note
-------+----------+-------------------------------------------
     0 | D:1      | freelancePsychic the Demonspawn Wanderer began the quest
                  | for the Orb.
     0 | D:1      | freelancePsychic set off with the following items: a +0
                  | club, a +0 ring mail, a potion of lignification; and the
                  | following spell memorised: Magic Dart; and the following
                  | spells available to memorise: Blink, Call Imp, Slow,
                  | Conjure Flame, Mephitic Cloud
     0 | D:1      | Reached XP level 1. HP: 15/15 MP: 4/4
   657 | D:1      | Gained mutation: You have sharp fingernails. [demonic
                  | ancestry]
   657 | D:1      | Reached XP level 2. HP: 19/21 MP: 6/6
  1215 | D:2      | Reached skill level 1 in Shields
  1215 | D:2      | Gained mutation: Your demonic aura sometimes causes spilled
                  | blood to erupt in flames. [demonic ancestry]
  1215 | D:2      | Reached XP level 3. HP: 21/27 MP: 7/7
  1312 | D:2      | Reached skill level 1 in Unarmed Combat
  1552 | D:2      | Noticed Natasha
  1676 | D:1      | Killed Natasha
  1826 | D:2      | Gained mutation: Your demonic aura often causes spilled
                  | blood to erupt in flames. [demonic ancestry]
  1826 | D:2      | Reached XP level 4. HP: 33/33 MP: 8/8
  2468 | D:2      | Found a faded altar of an unknown god.
  3565 | D:3      | Found a sparkling altar of Nemelex Xobeh.
  3571 | D:3      | Became a worshipper of Nemelex Xobeh the Trickster
  4020 | D:3      | Gained mutation: You have very sharp fingernails. [demonic
                  | ancestry]
  4020 | D:3      | Reached XP level 5. HP: 39/39 MP: 9/9
  4195 | D:4      | Noticed a water moccasin
  4298 | D:4      | Reached skill level 1 in Invocations
  4366 | D:4      | Identified a scroll of acquirement
  4366 | D:4      | Acquired a +0 kite shield of reflection
  4378 | D:4      | Reached * piety under Nemelex Xobeh
  4378 | D:4      | Noticed an ogre
  4553 | D:4      | Noticed an ogre
  4568 | D:4      | Reached skill level 2 in Invocations
  4570 | D:4      | Killed an ogre
  4571 | D:4      | Gained mutation: You have a pair of small antennae on your
                  | head. [demonic ancestry]
  4571 | D:4      | Reached XP level 6. HP: 14/45 MP: 10/10
  4845 | D:4      | Killed a water moccasin
  4846 | D:4      | Reached skill level 3 in Invocations
  5028 | D:4      | Found a broken altar of Ashenzari.
  5064 | D:5      | Entered Level 5 of the Dungeon
  5069 | D:5      | Reached skill level 4 in Invocations
  5069 | D:5      | Gained mutation: You have sharp toenails. [demonic
                  | ancestry]
  5069 | D:5      | Reached XP level 7. HP: 27/51 MP: 11/11
  5358 | D:5      | Found a staircase to the Ecumenical Temple.
  5379 | D:5      | Received a gift from Nemelex Xobeh
  5542 | D:5      | Reached skill level 5 in Invocations
  6195 | D:4      | Reached ** piety under Nemelex Xobeh
  6417 | D:4      | Reached skill level 6 in Invocations
  6606 | D:4      | Reached skill level 5 in Unarmed Combat
  6606 | D:4      | Reached XP level 8. HP: 45/57 MP: 12/12
  6943 | D:6      | Found a sand-covered staircase.
  6999 | Ossuary  | Entered an ossuary
  7140 | Ossuary  | Reached skill level 7 in Invocations
  7657 | Ossuary  | Reached skill level 8 in Invocations
  8390 | D:6      | Gained mutation: You regenerate magic rapidly. [demonic
                  | ancestry]
  8390 | D:6      | Reached XP level 9. HP: 54/66 MP: 15/15
  8446 | D:6      | Noticed Edmund
  8455 | D:6      | Killed Edmund
  8650 | D:6      | Reached skill level 5 in Fighting
  8837 | D:6      | Noticed Eustachio
  8841 | D:6      | Killed Eustachio
  9054 | D:6      | Received a gift from Nemelex Xobeh
  9692 | D:7      | Found a runed translucent door.
  9931 | D:6      | Reached skill level 5 in Shields
 10418 | D:7      | Received a gift from Nemelex Xobeh
 10456 | D:7      | Reached *** piety under Nemelex Xobeh
 10636 | D:7      | Noticed deletemesenpai's ghost (novice HOFi)
 10649 | D:8      | Noticed a two-headed ogre
 10654 | D:8      | Killed a two-headed ogre
 10655 | D:8      | Reached XP level 10. HP: 77/77 MP: 16/16
 10941 | D:8      | Found a broken altar of Ashenzari.
 11033 | D:8      | Noticed a two-headed ogre
 11037 | D:8      | Killed a two-headed ogre
 11048 | D:8      | Noticed a two-headed ogre
 11079 | D:8      | Killed a two-headed ogre
 11080 | D:8      | Reached skill level 9 in Invocations
 11233 | D:8      | Noticed Psyche
 11239 | D:8      | Killed Psyche
 11773 | D:9      | Noticed a two-headed ogre
 11779 | D:9      | Killed a two-headed ogre
 11780 | D:9      | Reached skill level 10 in Unarmed Combat
 11904 | D:9      | Found a flagged portal.
 11910 | D:9      | Identified the +8 hand axe of Zitef {freeze, rC+ Int+2}
 11913 | Bailey   | Entered a bailey
 12420 | Bailey   | Noticed an orc knight
 12427 | Bailey   | Killed an orc knight
 12428 | Bailey   | Gained mutation: You have razor-sharp toenails. [demonic
                  | ancestry]
 12428 | Bailey   | Reached XP level 11. HP: 54/86 MP: 18/18
 12473 | Bailey   | Noticed an orc knight
 12473 | Bailey   | Noticed an orc warlord
 12473 | Bailey   | Noticed an orc knight
 12715 | D:9      | Noticed a harpy
 12715 | D:9      | a wind drake changed into a harpy
 12722 | D:9      | a harpy changed into a basilisk
 13011 | D:9      | Noticed a two-headed ogre
 13024 | D:9      | Killed a two-headed ogre
 13025 | D:9      | Reached skill level 10 in Invocations
 13124 | D:9      | Noticed Harold
 13144 | D:9      | Killed Harold
 13290 | D:9      | Reached **** piety under Nemelex Xobeh
 13290 | D:9      | Received a gift from Nemelex Xobeh
 13844 | D:10     | Entered Level 10 of the Dungeon
 13963 | D:10     | Found a transporter.
 14145 | D:10     | Found a staircase to the Lair.
 14158 | D:10     | Found Anlucux's Weapon Boutique.
 14198 | D:10     | Found a transporter.
 15015 | D:10     | Noticed a shock serpent
 15016 | D:10     | Noticed freelancePsychic's ghost (journeyman DjWr)
 15018 | D:10     | a shock serpent changed into a swamp worm
 15019 | D:10     | Noticed a mana viper
 15019 | D:10     | a swamp worm changed into a mana viper
 15436 | D:10     | Noticed a skeletal warrior
 15501 | D:11     | Noticed a two-headed ogre
 15512 | D:11     | Killed a two-headed ogre
 15536 | D:11     | Noticed a two-headed ogre
 15543 | D:11     | Killed a two-headed ogre
 15781 | D:11     | Noticed a lich
 15784 | D:11     | Noticed a necromancer
 15785 | D:11     | Noticed robertstho's ghost (journeyman DjFE)
 15785 | D:11     | Noticed a deep troll earth mage
 15786 | D:11     | Noticed a satyr
 15818 | D:11     | Found Xonuomn's Distillery.
 15827 | D:11     | Bought a potion of experience for 550 gold pieces
 15827 | D:11     | Gained mutation: You have a pair of antennae on your head.
                  | [demonic ancestry]
 15827 | D:11     | Reached XP level 12. HP: 95/95 MP: 19/19
 15868 | D:11     | Found a runed translucent door.
 15875 | D:11     | Received a gift from Nemelex Xobeh
 15879 | D:11     | Found a runed translucent door.
 16005 | D:11     | Found a staircase to the Orcish Mines.
 16039 | D:11     | Noticed a two-headed ogre
 16051 | D:11     | Killed a two-headed ogre
 16429 | D:11     | Identified the ring of Widutih {MP+9 Str+2}
 16719 | Lair:1   | Entered Level 1 of the Lair of Beasts
 16719 | Lair:1   | Noticed Prince Ribbit
 16720 | Lair:1   | Noticed Prince Ribbit
 16720 | Lair:1   | Prince Ribbit changed into Prince Ribbit the golden eye
 16723 | Lair:1   | Reached skill level 1 in Dodging
 16724 | Lair:1   | Gained mutation: You have claws for feet. [demonic
                  | ancestry]
 16724 | Lair:1   | Reached XP level 13. HP: 83/101 MP: 20/20
 16725 | Lair:1   | Paralysed by a hornet for 2 turns
 16728 | D:10     | Paralysed by a hornet for 3 turns
 16734 | D:10     | Reached skill level 5 in Armour
 16776 | D:10     | Killed Prince Ribbit the golden eye
 17518 | Lair:1   | Reached skill level 11 in Invocations
 18173 | Lair:1   | Received a gift from Nemelex Xobeh
 18256 | Lair:1   | Noticed Grum
 18259 | Lair:1   | Killed Grum
 18540 | Lair:1   | Identified the +6 trident "Relyq" {flame, Will+}
 19300 | Lair:2   | Reached skill level 12 in Invocations
 19594 | Lair:2   | Reached skill level 5 in Dodging
 19899 | Lair:2   | Identified the +4 arbalest "Marivuil" {venom, Str+3}
 20336 | Lair:1   | Reached skill level 13 in Invocations
 20541 | Lair:2   | Reached ***** piety under Nemelex Xobeh
 21552 | Lair:2   | Received a gift from Nemelex Xobeh
 21809 | Lair:2   | Gained mutation: You have claws for hands. [demonic
                  | ancestry]
 21809 | Lair:2   | Reached XP level 14. HP: 75/108 MP: 24/24
 22282 | Lair:3   | Received a gift from Nemelex Xobeh
 22303 | Lair:3   | Found a staircase to the Shoals.
 22372 | Lair:3   | Found a dark tunnel.
 22386 | Volcano  | Entered a volcano
 23122 | Volcano  | Found a radiant altar of Vehumet.
 23307 | Volcano  | Received a gift from Nemelex Xobeh
 23677 | Lair:3   | Found a hole to the Spider Nest.
 25114 | Lair:3   | Received a gift from Nemelex Xobeh
 26491 | Lair:5   | Received a gift from Nemelex Xobeh
 27296 | Lair:5   | Received a gift from Nemelex Xobeh
 27690 | Lair:6   | Entered Level 6 of the Lair of Beasts
 27690 | Lair:6   | Found a transporter.
 27690 | Lair:6   | Found a transporter.
 27690 | Lair:6   | Found the +7 great mace "Firestarter" {inner flame, rF++}
 27721 | Lair:6   | Reached skill level 14 in Invocations
 27974 | Lair:6   | Noticed robertstho's ghost (journeyman DjFE)
 27982 | Lair:5   | Reached skill level 10 in Fighting
 28396 | Lair:6   | Received a gift from Nemelex Xobeh
 28431 | Lair:6   | Found a staircase to the Slime Pits.
 28845 | Lair:6   | Gained mutation: Your maledictions are enhanced. [demonic
                  | ancestry]
 28845 | Lair:6   | Reached XP level 15. HP: 99/116 MP: 25/25
 29929 | Lair:6   | Received a gift from Nemelex Xobeh
 30042 | Lair:6   | Received a gift from Nemelex Xobeh
 30352 | Lair:6   | Found the +3 pair of seven-league boots {Rampage+∞}
 31179 | Orc:1    | Entered Level 1 of the Orcish Mines
 31260 | Orc:1    | Noticed Fannar
 31275 | Orc:1    | Killed Fannar
 31732 | Orc:2    | Entered Level 2 of the Orcish Mines
 31735 | Orc:2    | Found a burning altar of Makhleb.
 31766 | Orc:2    | Found a staircase to the Elven Halls.
 31810 | Orc:2    | Received a gift from Nemelex Xobeh
 31958 | Orc:2    | Noticed Donald
 31959 | Orc:2    | Noticed Rupert
 31970 | Orc:2    | Killed Donald
 31979 | Orc:2    | Killed Rupert
 32037 | Orc:2    | Received a gift from Nemelex Xobeh
 32335 | Orc:2    | Noticed an orc warlord
 32369 | Orc:2    | Killed an orc warlord
 32696 | Orc:2    | Reached skill level 15 in Invocations
 33071 | Orc:2    | Found Notaanog's Mass Market.
 33278 | Orc:2    | Found Roschen's Antique Armour Shoppe.
 33285 | Orc:2    | Found Xawk's Antique Weapon Emporium.
 33287 | Orc:2    | Found Veidwe Lapn's General Store.
 33287 | Orc:2    | Found Ywuigg's Jewellery Shoppe.
 33510 | Orc:2    | Found Vizoxy's Assorted Antiques.
 33589 | Orc:2    | Found a large runed translucent door.
 33636 | Orc:2    | Found a large runed translucent door.
 33638 | Orc:2    | Noticed rjrrt's ghost (journeyman MiBe)
 33784 | Orc:2    | Killed rjrrt's ghost
 34416 | Orc:1    | Noticed Josephine
 34421 | Orc:1    | Killed Josephine
 34484 | Orc:1    | Received a gift from Nemelex Xobeh
 34889 | D:10     | Found a one-way gate to the infinite horrors of the Abyss.
 35288 | Orc:2    | Bought a hardcover book for 480 gold pieces
 35792 | D:12     | Received a gift from Nemelex Xobeh
 35824 | D:12     | Reached ****** piety under Nemelex Xobeh
 36513 | D:12     | Found an ornate altar of the Wu Jian Council.
 36762 | D:13     | Received a gift from Nemelex Xobeh
 36958 | D:13     | Found a frozen archway.
 36986 | IceCv    | Entered an ice cave
 36993 | IceCv    | Gained mutation: You have a pair of large antennae on your
                  | head. (SInv) [demonic ancestry]
 36993 | IceCv    | Reached XP level 16. HP: 95/127 MP: 27/27
 37302 | IceCv    | Reached skill level 10 in Dodging
 38204 | IceCv    | Received a gift from Nemelex Xobeh
 38226 | IceCv    | Identified the +1 robe "Sary" {rN+}
 38798 | D:13     | Noticed Frances
 38808 | D:13     | Killed Frances
 39028 | D:13     | Noticed Erolcha
 39032 | D:13     | Killed Erolcha
 39145 | D:13     | Received a gift from Nemelex Xobeh
 39172 | D:13     | Learned a level 6 spell: Statue Form
 39243 | D:14     | Reached skill level 1 in Transmutations
 39243 | D:14     | Reached skill level 1 in Earth Magic
 40027 | D:14     | Identified the +0 trident of Neduleyga {vorpal, +Blink
                  | rCorr Str-4}
 41276 | D:14     | Found a gate to the Vaults.
 41391 | D:15     | Entered Level 15 of the Dungeon
 41610 | D:14     | Reached skill level 5 in Transmutations
 41610 | D:14     | Reached skill level 5 in Earth Magic
 42289 | D:15     | Found a runed translucent door.
 42304 | D:15     | Found a runed translucent door.
 42320 | D:15     | Found a runed translucent door.
 42336 | D:15     | Found a runed translucent door.
 43171 | D:15     | Found a staircase to the Depths.
 43697 | D:15     | Received a gift from Nemelex Xobeh
 44549 | Orc:2    | Bought a ring of poison resistance for 340 gold pieces
 44549 | Orc:2    | Bought a ring of wizardry for 510 gold pieces
 44787 | Spider:1 | Entered Level 1 of the Spider Nest
 45572 | Spider:1 | Identified the +0 pair of boots of Action {Int+2}
 46128 | Spider:1 | Reached XP level 17. HP: 81/133 MP: 28/28
 46917 | Spider:2 | Received a gift from Nemelex Xobeh
 47050 | Spider:1 | HP: 14/298 [poisoned by an emperor scorpion]
 47052 | Spider:1 | HP: 4/298 [poisoned by an emperor scorpion]
 47053 | Spider:1 | Succumbed to an emperor scorpion's poison

Illustrated notes

Levels and vault maps discovered:
D:1:      saegor_arrival_miasma, layout_loops_ring, hangedman_glass_garden
D:2:      layout_basic, hellmonk_ecumenical_altar_defaced_shrine,
          minmay_misc_feat_columns, minmay_misc_feat_encased, item_on_display_a,
          uniq_natasha
D:3:      layout_loops_corners, nemelex_spade_bored_becter,
          hangedman_abyss_or_decor_lesser_grid
D:4:      layout_cave_pods, minmay_ruined_shrine
D:5:      layout_cave_pools, minmay_temple_entry_arrows
D:6:      layout_basic, nicolae_ossuary_entry_giza, nicolae_benzene_ring,
          grunt_ministairs_7, st_stairs_3, uniq_edmund, uniq_eustachio
D:7:      layout_cave_pools, ebering_ghost_reflecting_pool
D:8:      minmay_skewed_foursquare, layout_rooms, ashenzari_altar_1,
          kennysheep_generic_room_15, uniq_psyche
D:9:      layout_basic, enter_bailey_2, uniq_harold
D:10:     layout_long_grid, erik_lair_island, gammafunk_ghost_abyssal_escape,
          serial_shops, shop
D:11:     layout_loops_ring, hiddenorc2_lemuel, serial_shops, shop,
          muffindrake_ghost_dual_entry
D:12:     layout_irregular_city, pdpol_wu_jian_five_deadly_venoms
D:13:     layout_small_grid, portal_ice_cave_demonic_guard, uniq_frances,
          uniq_erolcha
D:14:     layout_rooms, skrybe_vaults_entry_preservation
D:15:     gammafunk_depths_entry_grave, layout_loops_ring,
          hangedman_decor_lopped, minmay_statue_crystal_thing
Lair:1:   layout_roguey, st_stairs_4, serial_bayou_shore_a, uniq_grum,
          uniq_prince_ribbit2
Lair:2:   layout_roguey [special_room_bee], gauntlet_entry_generic,
          small_statue_intersection, nzn_sisyphean_effort,
          infiniplex_staircase_pool_2, serial_bayou_shore_b
Lair:3:   layout_chaotic_city, minmay_shoals_entry_lonely_mermaid,
          spider_nest_entry_webs, enter_volcano_3, grunt_forest_small_clearings,
          serial_bayou_lake_a, minmay_lair_oklob_chamber, serial_bayou_shore_b,
          serial_bayou_shore_b
Lair:4:   layout_misc_corridors, serial_rivers, chequers_serial_rivers_small_a,
          chequers_serial_rivers_micro_c, chequers_serial_rivers_micro_b,
          chequers_serial_rivers_large_a, chequers_serial_rivers_large_b,
          chequers_serial_rivers_micro_d
Lair:5:   nzn_motion_control, layout_loops_ring, cheibrodos_lair_lostbears,
          lemuel_fruit_tree
Lair:6:   evilmike_catoblepas_cave, layout_long_grid,
          nicolae_slime_entry_slimehenge, nzn_ghost_randoct,
          hellmonk_guarded_unrand_seven_league_boots, lemuel_fruit_fields,
          infiniplex_staircase_pool
Spider:1: layout_spider_delve
Spider:2: layout_spider_delve
Orc:1:    layout_diamond_mine, bh_open_orc_temple, uniq_josephine, uniq_fannar
Orc:2:    st_orc_congregation, layout_diamond_mine, basic_altar,
          ebering_ghost_disaster_area, serial_shops, nicolae_shop_waterfront,
          nicolae_orc_rockfall, minmay_shop_mass, uniq_donald, uniq_rupert

Skill      XL: |  1  2  3  4  5  6  7  8  9 10 11 12 13 14 15 16 17 |
---------------+----------------------------------------------------+-----
Shields        | 1 2 3 4 5 6 11 12 13 | 13.7
Unarmed Combat | 1 2 3 5 6 8 10 11 | 11.8
Fighting       | 2 4 6 7 9 10 12 | 12.2
Invocations    | 2 4 6 8 9 10 13 14 15 | 15.3
Armour         | 3 4 5 |  5.8
Dodging        | 1 6 7 9 11 | 11.2
Transmutations | 6 7 |  7.0
Earth Magic    | 6 7 |  7.0
Axes           | |  1.0
Throwing       | |  1.0
Stealth        | |  1.1
Spellcasting   | |  3.3

Action                   |  1- 3 |  4- 6 |  7- 9 | 10-12 | 13-15 | 16-18 || total
-------------------------+-------+-------+-------+-------+-------+-------++-------
Melee: Unarmed           |   144 |   211 |   405 |   400 |  1156 |   647 ||  2963
       Club              |     5 |       |       |       |       |       ||     5
       Kick              |       |       |       |       |   355 |   219 ||   574
 Cast: Magic Dart        |     3 |       |       |       |       |       ||     3
Invok: Draw Destruction  |       |       |     8 |    12 |    72 |    20 ||   112
       Draw Escape       |       |       |     2 |     3 |     4 |       ||     9
       Draw Summoning    |       |       |     2 |     4 |    10 |     9 ||    25
       Deal Four         |       |       |       |       |     5 |       ||     5
       Stack Five        |       |       |       |       |     1 |       ||     1
       Draw Stack        |       |       |       |       |     2 |     1 ||     3
Evoke: Wand              |       |       |       |     6 |    13 |     4 ||    23
  Use: Potion            |     2 |     1 |     4 |     3 |     8 |    10 ||    28
       Scroll            |       |     9 |     9 |     1 |    18 |     5 ||    42
 Stab: Held in net/web   |       |       |       |     2 |       |       ||     2
       Invisible         |       |       |       |       |     5 |       ||     5
       Petrified         |       |       |       |       |     3 |       ||     3
       Distracted        |       |       |       |       |     1 |     1 ||     2
       Petrifying        |       |       |       |       |     1 |       ||     1
Armor: Ring mail         |    78 |    84 |   158 |    93 |       |       ||   413
       Skin              |    11 |       |       |       |       |     7 ||    18
       Chain mail        |       |       |       |    68 |   165 |       ||   233
       Scale mail        |       |       |       |       |   195 |   179 ||   374
Dodge: Dodged            |    70 |    81 |   113 |   101 |   262 |   233 ||   860
Block: Buckler           |    27 |    29 |       |       |       |       ||    56
       Kite shield       |       |    15 |   211 |   218 |   287 |       ||   731
       Reflection        |       |     1 |       |     7 |    10 |       ||    18
       Tower shield      |       |       |       |       |   793 |   807 ||  1600

Table legend: (Time is in decaauts)
 A = Elapsed time spent in this place.
 B = Non-inter-level travel time spent in this place.
 C = Inter-level travel time spent in this place.
 D = Time resting spent in this place.
 E = Time spent auto-exploring this place.
 F = Levels seen in this place.
 G = Mean time per level.
                   A        B        C        D        E       F      G
               +--------+--------+--------+--------+--------+-----+--------+
         Total |  47348 |  45077 |   2271 |  12539 |  24301 |  29 | 1632.7 |
       Dungeon |  24435 |  23403 |   1032 |   6818 |  12671 |  15 | 1629.0 |
          Lair |  13543 |  13007 |    536 |   3722 |   7363 |   6 | 2257.2 |
   Spider Nest |   1745 |   1677 |     68 |    286 |   1089 |   2 |  872.5 |
  Orcish Mines |   3696 |   3062 |    634 |    494 |   1733 |   2 | 1848.0 |
       Ossuary |    863 |    863 |      0 |     65 |    511 |   1 |  863.0 |
        Bailey |    587 |    587 |      0 |    119 |    249 |   1 |  587.0 |
      Ice Cave |   1515 |   1515 |      0 |    594 |    420 |   1 | 1515.0 |
       Volcano |    961 |    961 |      0 |    441 |    263 |   1 |  961.0 |
               +--------+--------+--------+--------+--------+-----+--------+

Top non-repeatable levels by time:
    D:14: 3036 daAuts
   Orc:2: 2996 daAuts
  Lair:3: 2868 daAuts
  Lair:1: 2674 daAuts
    D:10: 2642 daAuts
  Lair:5: 2466 daAuts
  Lair:6: 2171 daAuts
  Lair:2: 2165 daAuts
     D:6: 1976 daAuts
    D:13: 1850 daAuts
     D:2: 1840 daAuts
     D:9: 1726 daAuts
Spider:1: 1715 daAuts
    D:11: 1581 daAuts
     D:4: 1566 daAuts
